Map: Acid Plant LE

Players

ILIEKEGGPIE - Winner!

  • Race: Protoss Protoss
  • League: Platinum
  • Spawn Location: 11:00

EDUHEL

  • Race: Terran Terran
  • League: Platinum
  • Spawn Location: 5:00

VOD

Have the link to the VOD?

Description

Time

  • Played on: May 22, 2018, 1:40 p.m.
  • Length: 17:51
Show
View Real Time Build Order
Export as new Build Order

ILIEKEGGPIE Protoss - Winner!

Build Orders:  

Get SALT Encoding   

  12  0:00  Probe  
  13  0:13  Probe  
  14  0:20  Pylon  
  14  0:25  Probe  
  15  0:34  Probe  
  15  0:42  Gateway, Probe  
  16  0:47  Assimilator  
  17  0:52  Probe  
  18  1:00  Assimilator  
  18  1:09  Probe  
  19  1:16  Gateway  
  19  1:21  Probe  
  20  1:30  Cybernetics Core  
  20  1:33  Probe  
  21  1:45  Probe  
  21  1:46  Pylon  
  22  1:57  Probe  
  23  2:07  Stalker x2  
  27  2:12  Warp Gate  
  27  2:29  Probe  
  28  2:31  Robotics Facility  
  28  2:37  Stalker  
  30  2:47  Pylon  
  30  2:58  Gateway  
  30  3:07  Stalker, Warp Prism  
  30  3:08  Stalker  
  35  3:28  Pylon  
  35  3:37  Stalker  
  37  4:11  Observer  
  38  4:23  Stalker  
  40  4:24  Stalker x2  
  40  4:29  Stalker  
  40  4:30  Stalker x2  
  44  4:56  Stalker  
  46  5:00  Pylon x2  
  38  5:42  Stalker  
  38  5:43  Stalker x2  
  44  6:11  Stalker x3  
  48  6:31  Stalker  
  50  6:45  Probe  
  51  6:51  Adept x2  
  51  6:52  Adept  
  51  6:53  Nexus  
  57  7:11  Assimilator  
  57  7:20  Shield Battery  
  57  7:50  Adept x3  
  63  7:57  Pylon  
  63  7:59  Pylon  
  63  8:03  Probe  
  63  8:05  Probe  
  65  8:12  Probe  
  65  8:17  Probe  
  67  8:20  Probe  
  68  8:29  Probe  
  68  8:31  Pylon  
  68  8:32  Probe  
  70  8:38  Stargate  
  70  8:41  Probe  
  70  8:43  Stargate  
  70  8:44  Probe  
  70  8:45  Stargate  
  72  9:04  Probe x2  
  72  9:06  Assimilator  
  74  9:11  Forge  
  60  9:25  Probe  
  60  9:29  Probe  
  60  9:33  Immortal  
  60  9:41  Probe  
  60  9:44  Phoenix  
  60  9:45  Phoenix, Probe  
  70  10:01  Phoenix  
  70  10:07  Nexus  
  70  10:08  Pylon  
  70  10:10  Phoenix  
  70  10:14  Immortal  
  78  10:18  Pylon  
  78  10:20  Pylon  
  78  10:25  Phoenix  
  78  10:28  Adept x3  
  86  10:40  Phoenix  
  86  10:42  Phoenix  
  82  10:51  Probe x2  
  86  11:15  Phoenix x2  
  84  11:21  Probe x3  
  91  11:30  Forge  
  91  11:33  Twilight Council  
  91  11:36  Adept x3  
  91  11:38  Phoenix  
  99  12:02  Stalker x3  
  99  12:07  Probe  
  99  12:08  Probe x2  
  106  12:13  Immortal  
  106  12:20  Probe x2  
  106  12:21  Protoss Ground Armor Level 1  
  111  12:22  Phoenix  
  111  12:23  Phoenix, Charge  
  111  12:27  Templar Archives, Probe  
  111  12:28  Protoss Ground Weapons Level 1  
  116  12:32  Probe  
  117  12:39  Probe x2  
  117  12:41  Assimilator  
  119  12:46  Assimilator  
  111  12:59  Phoenix  
  111  13:03  Phoenix  
  101  13:10  Probe  
  102  13:13  High Templar x3  
  108  13:22  Gateway  
  108  13:23  Gateway  
  108  13:29  Gateway  
  108  13:34  Archon  
  108  13:43  Gateway  
  108  14:04  Gateway  
  108  14:07  Gateway  
  108  14:08  Gateway  
  108  14:14  Pylon  
  108  14:17  High Templar x2  
  108  14:18  High Templar  
  108  14:23  Pylon  
  114  14:24  Pylon  
  114  14:39  Gateway  
  114  14:41  Gateway  
  114  14:43  Gateway  
  114  14:46  Archon x2  
  114  14:57  Zealot x4  
  114  14:58  Adept x3  
  114  14:59  Immortal  
  132  15:03  Probe x2  
  134  15:39  Immortal  
  138  15:46  Probe x2  
  138  15:47  Probe  
  141  15:51  Pylon  
  141  15:52  Pylon  
  141  15:54  Pylon  
  137  16:18  Immortal  
  141  16:21  Pylon  
  141  16:25  Nexus  
  141  16:28  Pylon  
  141  16:38  Pylon  
  141  16:41  Pylon  
  141  16:43  Assimilator  
  141  16:47  Assimilator  
  141  16:52  Stalker x5  
  151  17:26  Zealot x4  
  151  17:27  Zealot x3  
Show
View Real Time Build Order
Export as new Build Order

EDUHEL Terran 

Build Orders:  

Get SALT Encoding   

  12  0:01  SCV  
  13  0:13  SCV  
  14  0:17  Supply Depot  
  14  0:25  SCV  
  15  0:38  SCV  
  15  0:40  Barracks  
  16  0:47  Refinery  
  16  0:51  SCV  
  17  1:03  SCV  
  18  1:15  SCV  
  19  1:27  SCV  
  19  1:29  Supply Depot  
  19  1:32  Barracks Reactor  
  20  1:39  SCV  
  21  1:53  Supply Depot  
  22  1:58  Orbital Command  
  21  2:07  Barracks  
  21  2:09  Marine  
  21  2:10  Marine  
  23  2:18  Barracks  
  23  2:26  Command Center  
  23  2:30  SCV  
  23  2:35  Marine x2  
  26  2:44  Refinery  
  26  2:48  SCV  
  27  3:05  Barracks Reactor x2  
  27  3:10  Engineering Bay  
  27  3:12  SCV  
  28  3:24  SCV  
  29  3:32  Supply Depot  
  29  3:36  SCV  
  29  3:39  Factory  
  30  3:46  Orbital Command  
  30  3:59  Marine x6  
  35  4:10  Supply Depot  
  35  4:11  Supply Depot  
  35  4:12  Terran Infantry Weapons Level 1  
  35  4:16  Marine  
  36  4:22  SCV  
  37  4:32  Marine x5  
  37  4:34  SCV  
  37  4:35  Factory Tech Lab  
  43  4:40  Marine  
  44  4:47  SCV  
  39  4:56  Siege Tank  
  39  4:59  SCV  
  42  5:02  Marine  
  42  5:03  Marine x5  
  42  5:05  Supply Depot  
  47  5:11  SCV  
  46  5:20  Marine  
  46  5:21  Marine  
  39  5:28  Siege Tank  
  39  5:30  Marine  
  39  5:31  Marine x3  
  43  5:38  Marine x2  
  39  5:48  Marine x4  
  42  5:56  Marine x2  
  36  6:06  Marine x3  
  36  6:10  Marine  
  35  6:14  Marine x2  
  34  6:24  Marine x2  
  32  6:27  Factory  
  32  6:28  Marine  
  32  6:31  Marine  
  32  6:32  Barracks, Marine  
  29  6:42  Marine  
  29  6:46  Marine  
  26  6:48  SCV  
  25  7:00  SCV  
  24  7:03  Command Center  
  24  7:06  Refinery  
  16  7:12  SCV  
  13  7:19  Factory Tech Lab  
  12  7:24  Barracks Reactor, SCV  
  12  7:25  Barracks  
  12  7:27  Barracks  
  13  7:36  SCV  
  14  7:38  Siege Tank  
  17  7:48  SCV  
  17  7:50  Supply Depot  
  17  8:00  Marine x2  
  19  8:10  Siege Tank  
  22  8:13  Supply Depot  
  22  8:17  Marine  
  22  8:18  Marine  
  24  8:24  Barracks Reactor  
  24  8:25  Barracks Reactor  
  24  8:33  Bunker  
  24  8:35  Marine  
  24  8:36  Marine  
  24  8:37  Command Center  
  26  8:42  Siege Tank  
  29  8:53  Marine  
  29  8:54  Marine  
  31  9:03  Marine  
  31  9:04  Marine x3  
  35  9:11  Marine x2  
  35  9:14  Siege Tank  
  40  9:21  Marine  
  40  9:22  Marine x3  
  43  9:33  Engineering Bay  
  43  9:49  Marine x6  
  43  9:52  Supply Depot  
  49  10:01  Orbital Command  
  49  10:14  Marine x5  
  49  10:18  Supply Depot  
  54  10:34  Supply Depot  
  54  10:40  Marine, SCV  
  54  10:41  Supply Depot  
  53  10:52  SCV  
  54  10:57  Supply Depot  
  54  11:01  Marine  
  54  11:02  Marine x4  
  59  11:04  Supply Depot, SCV  
  59  11:16  SCV  
  60  11:20  Missile Turret  
  60  11:28  SCV  
  56  11:49  Missile Turret  
  52  12:08  SCV  
  53  12:10  Missile Turret  
  53  12:20  SCV  
  53  12:22  Missile Turret  
  54  12:32  SCV  
  55  12:44  SCV, Missile Turret  
  55  12:56  SCV  
  48  13:00  Command Center  
  48  13:05  Missile Turret  
  32  13:10  Marine x6  
  32  13:28  Marine x5  
  31  13:57  Marine  
  31  13:58  Marine x5  
  36  14:15  Marine  
  36  14:16  Marine x2  
  39  14:30  SCV  
  40  14:53  Orbital Command  
  38  15:18  Missile Turret  
  38  15:21  Missile Turret  
  38  15:22  SCV  
  39  15:31  SCV  
  39  15:35  SCV  
  41  15:46  Missile Turret  
  37  16:30  Orbital Command  
  37  17:16  Marine x4  
Tags
 
Matchup
PvT
Replay Pack
Multi
Spawn Locations
Cross Positions
Add a new tag
Caveats
  • Supply blocks, unpowered buildings, or Contaminate may cause inaccurate times.
  • Supply counts are checked every 10 seconds.